[Event "ICCopen2017"]
[Site "Internet Chess Club"]
[Date "2017.03.19"]
[Round "6"]
[White "rencoroso"]
[Black "fishmaster"]
[Result "1-0"]
[ICCResult "Black checkmated"]
[WhiteElo "2107"]
[BlackElo "1821"]
[Opening "Scotch: Schmidt variation"]
[ECO "C45"]
[NIC "SO.03"]
[Time "20:14:41"]
[TimeControl "180+0"]

1. e4 e5 2. Nf3 Nc6 3. d4 exd4 4. Nxd4 Nf6 5. Nxc6 bxc6 6. Nc3 Bb4 7. Bd3 d5
8. exd5 cxd5 9. O-O O-O 10. Bg5 c6 11. Qf3 Be7 12. Rfe1 Be6 13. Rad1 Rb8 14.
Rb1 d4 15. Ne4 Nxe4 16. Bxe7 Qxe7 17. Qxe4 Qd6 18. Qxh7# {Black checkmated}
1-0

[Event "ICCopen2017"]
[Site "Internet Chess Club"]
[Date "2017.03.19"]
[Round "6"]
[White "king-lear"]
[Black "Sc6"]
[Result "1-0"]
[ICCResult "Black checkmated"]
[WhiteElo "1953"]
[BlackElo "1581"]
[Opening "King's Indian, 3.Nf3"]
[ECO "E68"]
[NIC "KI.63"]
[Time "20:13:09"]
[TimeControl "180+0"]

1. d4 Nf6 2. Nf3 g6 3. c4 Bg7 4. g3 d6 5. Bg2 O-O 6. O-O c6 7. Nc3 Nbd7 8.
e4 e5 9. b3 a5 10. Rb1 Qc7 11. h3 exd4 12. Nxd4 Nc5 13. Bf4 Nh5 14. Be3 Ne6
15. Nde2 Rd8 16. Qc2 b6 17. Rfd1 Bb7 18. a3 Rac8 19. b4 axb4 20. axb4 Nf6
21. f4 d5 22. cxd5 cxd5 23. e5 Ne4 24. Rbc1 Nxc3 25. Qxc3 Qxc3 26. Nxc3 Rc7
27. Nb5 Rcd7 28. Bxb6 Rc8 29. Nd6 Ra8 30. Nxb7 Rxb7 31. Bxd5 Rxb6 32. Bxa8
Bf8 33. Bd5 Rxb4 34. Bxe6 fxe6 35. Rd3 Re4 36. Rc2 Bb4 37. Kg2 Kg7 38. Kf3
Re1 39. Rd7+ Kh6 40. Rcc7 g5 41. Rxh7+ Kg6 42. Rcg7+ Kf5 43. g4#
{Black checkmated}
1-0

[Event "ICCopen2017"]
[Site "Internet Chess Club"]
[Date "2017.03.19"]
[Round "6"]
[White "Trinity8"]
[Black "Mormegil"]
[Result "0-1"]
[ICCResult "White resigns"]
[WhiteElo "1413"]
[BlackElo "1758"]
[Opening "Giuoco Pianissimo"]
[ECO "C55"]
[NIC "IG.01"]
[Time "20:14:00"]
[TimeControl "180+0"]

1. e4 e5 2. Nf3 Nc6 3. Bc4 Nf6 4. d3 Bc5 5. O-O d6 6. c3 h6 7. Bb3 a6 8.
Nbd2 O-O 9. h3 Be6 10. Bc2 d5 11. Re1 dxe4 12. dxe4 Qe7 13. Nf1 Rad8 14. Qe2
b5 15. Ng3 Bc4 16. Nf5 Qe6 17. Bb3 Bxe2 18. Bxe6 fxe6 19. Rxe2 exf5 20. exf5
e4 21. Nh4 Rd1+ 22. Kh2 Ne5 23. Rc2 Nd3 24. Ng6 Re8 25. Nf4 Nxf4 26. Bxf4
Rxa1 {White resigns} 0-1

[Event "ICCopen2017"]
[Site "Internet Chess Club"]
[Date "2017.03.19"]
[Round "6"]
[White "Ohanessian"]
[Black "nikenwidiartto"]
[Result "1-0"]
[ICCResult "Black resigns"]
[WhiteElo "2091"]
[BlackElo "1788"]
[Opening "Center game: Berger variation"]
[ECO "C22"]
[NIC "KP.04"]
[Time "20:13:14"]
[TimeControl "180+0"]

1. e4 e5 2. d4 exd4 3. Qxd4 Nc6 4. Qe3 Nf6 5. Nc3 Bb4 6. Bd2 O-O 7. O-O-O
Re8 8. Qg3 Bxc3 9. Bxc3 d6 10. f3 Be6 11. Kb1 Rb8 12. Ne2 b5 13. Nf4 b4 14.
Nxe6 Rxe6 15. Bd2 a5 16. Bc4 Re8 17. Bh6 Nh5 18. Qg4 Ne5 19. Qxh5 Nxc4 20.
Bc1 Qf6 21. Qd5 Na3+ 22. Ka1 Nxc2+ 23. Kb1 Na3+ 24. Ka1 Nb5 25. h4 a4 26.
Bg5 Qe6 27. Qxe6 fxe6 28. Rc1 Rb7 29. Rhd1 b3 30. a3 Nd4 31. Rxd4 e5 32.
Rxa4 Reb8 33. Rac4 Rc8 34. Be7 Rb6 {Black resigns} 1-0

[Event "ICCopen2017"]
[Site "Internet Chess Club"]
[Date "2017.03.19"]
[Round "6"]
[White "TheLlamaLord"]
[Black "notetengomiedo"]
[Result "0-1"]
[ICCResult "White resigns"]
[WhiteElo "1800"]
[BlackElo "1654"]
[Opening "Grünfeld: Spassky variation, main line, 10...cd, 11.cd"]
[ECO "D88"]
[NIC "GI.06"]
[Time "20:13:48"]
[TimeControl "180+0"]

1. d4 Nf6 2. c4 g6 3. Nc3 d5 4. cxd5 Nxd5 5. e4 Nxc3 6. bxc3 Bg7 7. Bc4 c5
8. Be3 cxd4 9. cxd4 Nc6 10. Ne2 O-O 11. O-O e6 12. Qd2 Na5 13. Bd3 b6 14.
Rac1 Bb7 15. f3 Qd7 16. Rc2 Rac8 17. Rfc1 Rxc2 18. Rxc2 Rc8 19. Qc1 Rxc2 20.
Qxc2 Qc6 21. Qb2 Nc4 22. Bxc4 Qxc4 23. Kf2 Ba6 24. Qd2 Bf8 25. Ng3 h5 26.
Qe2 h4 27. Qxc4 hxg3+ 28. Kxg3 Bxc4 29. Kf4 Bxa2 30. Ke5 a5 31. d5 exd5 32.
exd5 b5 33. d6 Be6 34. Bb6 a4 35. Bc5 Bd7 36. Kd5 Kg7 37. Bb4 Kf6 38. Kc5
Ke6 {White resigns} 0-1

[Event "ICCopen2017"]
[Site "Internet Chess Club"]
[Date "2017.03.19"]
[Round "6"]
[White "MassCarnage"]
[Black "Shafkat"]
[Result "1-0"]
[ICCResult "Black checkmated"]
[WhiteElo "1854"]
[BlackElo "1553"]
[Opening "Center game"]
[ECO "C21"]
[NIC "KP.04"]
[Time "20:13:31"]
[TimeControl "180+0"]

1. e4 e5 2. d4 exd4 3. Bc4 Qe7 4. Nf3 Qxe4+ 5. Be2 Nf6 6. Nbd2 Qc6 7. O-O
Bc5 8. b4 Bb6 9. Bb2 O-O 10. Nxd4 Bxd4 11. Bxd4 d5 12. Bd3 Bg4 13. f3 Bh5
14. Qe1 Nbd7 15. Qh4 Bg6 16. Rac1 Rae8 17. f4 Ne4 18. Nb3 Ndf6 19. f5 Bxf5
20. Rxf5 Qe6 21. Rcf1 Nd6 22. Rxf6 gxf6 23. Nc5 Qe7 24. Qxh7# {Black
checkmated} 1-0

[Event "ICCopen2017"]
[Site "Internet Chess Club"]
[Date "2017.03.19"]
[Round "6"]
[White "AbasovN"]
[Black "Bozhenka"]
[Result "1-0"]
[ICCResult "Black resigns"]
[WhiteElo "3148"]
[BlackElo "2872"]
[Opening "Sicilian: Najdorf, Opocensky variation"]
[ECO "B92"]
[NIC "SI.10"]
[Time "20:13:10"]
[TimeControl "180+0"]

1. e4 c5 2. Nf3 d6 3. d4 cxd4 4. Nxd4 Nf6 5. Nc3 a6 6. Be2 Nbd7 7. O-O g6 8.
Re1 Bg7 9. Bf1 O-O 10. Nd5 e5 11. Nb3 Nxd5 12. exd5 f5 13. c4 b6 14. f4 a5
15. a4 Nc5 16. Nxc5 bxc5 17. Ra3 exf4 18. Bxf4 Bxb2 19. Rb3 Bd4+ 20. Be3 Be5
21. Bxc5 Bxh2+ 22. Kxh2 dxc5 23. d6 Ra7 24. Qd5+ Raf7 25. Re7 f4 26. Rb8 Kg7
27. Qe5+ Kh6 28. Be2 Rf6 29. d7 Qxd7 30. Rxd7 Bxd7 31. Rxf8 Rxf8 32. Qe7
{Black resigns}
1-0

[Event "ICCopen2017"]
[Site "Internet Chess Club"]
[Date "2017.03.19"]
[Round "6"]
[White "x-plica"]
[Black "javi"]
[Result "0-1"]
[ICCResult "White resigns"]
[WhiteElo "1349"]
[BlackElo "1670"]
[Opening "Sicilian"]
[ECO "B50"]
[NIC "SI.01"]
[Time "20:13:50"]
[TimeControl "180+0"]

1. e4 c5 2. Nf3 d6 3. d3 g6 4. c4 Bg7 5. Nc3 Nc6 6. Bd2 e5 7. Be2 Nge7 8.
O-O O-O 9. Qc1 a6 10. Bh6 Nd4 11. Bxg7 Kxg7 12. Nxd4 exd4 13. Nb1 b5 14. b3
b4 15. f4 f5 16. e5 dxe5 17. fxe5 Nc6 18. Bf3 Bb7 19. Qf4 Qc7 20. Re1 Rfe8
21. Nd2 Rab8 22. Bxc6 Bxc6 23. Re2 Re6 24. Rae1 Rbe8 25. Nf3 Bxf3 26. Qxf3
Rxe5 27. Rxe5 Rxe5 28. Rxe5 Qxe5 29. h3 Qe3+ 30. Kf1 Qxf3+ 31. gxf3 Kf6 32.
f4 g5 33. Kf2 gxf4 34. Kf3 Ke5 35. h4 h5 36. Kf2 f3 37. Kxf3 f4 38. Kf2 Kf5
39. Kf3 a5 40. Kf2 Kg4 41. Kg2 f3+ 42. Kf2 Kf4 43. Kf1 Ke3 44. Kg1 f2+ 45.
Kf1 Kf3 46. a4 bxa3 47. b4 a2 {White resigns} 0-1

[Event "ICCopen2017"]
[Site "Internet Chess Club"]
[Date "2017.03.19"]
[Round "6"]
[White "ANGELLR"]
[Black "nurmi"]
[Result "0-1"]
[ICCResult "White resigns"]
[WhiteElo "1725"]
[BlackElo "2241"]
[Opening "Queen's bishop game"]
[ECO "D00"]
[NIC "QP.08"]
[Time "20:13:22"]
[TimeControl "180+0"]

1. d4 d5 2. Bf4 Nf6 3. Nf3 c5 4. c3 Qb6 5. Qb3 Nc6 6. e3 c4 7. Qxb6 axb6 8.
Nbd2 b5 9. a3 Bf5 10. h3 h6 11. Be2 b4 12. cxb4 Nxb4 13. O-O Nd3 14. Bxd3
Bxd3 15. Ne5 Bxf1 16. Nxf1 e6 17. Nd2 Be7 18. f3 b5 19. Nf1 O-O 20. Ng3 Ra6
21. Ne2 b4 22. Rb1 bxa3 23. bxa3 Rxa3 24. Rb7 Re8 25. Nc6 Bf8 26. Be5 Rxe3
27. Kf2 Rb3 28. Rc7 Ra8 29. Nf4 c3 30. Bxf6 gxf6 31. Ne7+ Bxe7 32. Rxe7 Rc8
33. Nh5 c2 34. Nxf6+ Kf8 {White resigns} 0-1

[Event "ICCopen2017"]
[Site "Internet Chess Club"]
[Date "2017.03.19"]
[Round "6"]
[White "Reti"]
[Black "Chaos23"]
[Result "1-0"]
[ICCResult "Black resigns"]
[WhiteElo "2216"]
[BlackElo "1887"]
[Opening "Sicilian: Katalimov variation"]
[ECO "B27"]
[NIC "SI.43"]
[Time "20:14:32"]
[TimeControl "180+0"]

1. e4 c5 2. Nf3 b6 3. d4 cxd4 4. Nxd4 Bb7 5. Nc3 a6 6. Be3 g6 7. Qd2 Bg7 8.
O-O-O d6 9. Kb1 Nf6 10. f3 O-O 11. Bh6 Nbd7 12. h4 Bh8 13. h5 Qc7 14. hxg6
fxg6 15. Ne6 Qc6 16. Nxf8 Nxf8 17. Be3 b5 18. Bd4 b4 19. Nd5 Nxd5 20. Bxh8
Kxh8 21. exd5 Qc5 22. Qd4+ Kg8 23. Qxc5 dxc5 24. d6 Rd8 25. Bc4+ e6 26. Rhe1
Kf7 27. Re5 Kf6 28. Rxc5 Bd5 29. Bxd5 Rxd6 30. Rc6 {Black resigns} 1-0

[Event "ICCopen2017"]
[Site "Internet Chess Club"]
[Date "2017.03.19"]
[Round "6"]
[White "MichailovM"]
[Black "Magagna"]
[Result "1-0"]
[ICCResult "Black resigns"]
[WhiteElo "2169"]
[BlackElo "1591"]
[Opening "French: Steinitz, Boleslavsky variation"]
[ECO "C11"]
[NIC "QP.07"]
[Time "20:14:47"]
[TimeControl "180+0"]

1. d4 Nf6 2. Nc3 e6 3. e4 d5 4. e5 Nfd7 5. f4 c5 6. Nf3 Nc6 7. Be3 Qb6 8.
Na4 Qa5+ 9. c3 c4 10. b4 cxb3 11. axb3 b5 12. Nc5 Qxc3+ 13. Bd2 Qb2 14. Nd3
Qxa1 15. Qxa1 Bb7 16. Be2 Be7 17. O-O O-O 18. f5 exf5 19. Nf4 Nd8 20. Bxb5
Nb6 21. Bd3 Ne6 22. Bxf5 Bc6 23. Nxe6 fxe6 24. Bxe6+ Kh8 25. Ng5 Bxg5 26.
Bxg5 Rxf1+ 27. Qxf1 a5 28. Qf7 {Black resigns} 1-0

[Event "ICCopen2017"]
[Site "Internet Chess Club"]
[Date "2017.03.19"]
[Round "6"]
[White "A4-H5"]
[Black "Dupinpon"]
[Result "0-1"]
[ICCResult "White checkmated"]
[WhiteElo "1823"]
[BlackElo "1617"]
[Opening "Grob: Fritz gambit"]
[ECO "A00"]
[NIC "VO.11"]
[Time "20:13:45"]
[TimeControl "180+0"]

1. g4 d5 2. Bg2 Bxg4 3. c4 c6 4. cxd5 Nf6 5. Qb3 Qb6 6. dxc6 Nxc6 7. Qxb6
axb6 8. Nf3 e5 9. d3 Bd6 10. Bd2 O-O 11. Rg1 Kh8 12. Ng5 Bf5 13. Nc3 Nd4 14.
Rc1 h6 15. Nge4 Nxe4 16. dxe4 Be6 17. e3 Nc6 18. b3 Rfc8 19. Bf3 Nb4 20. Ke2
Nxa2 21. Nxa2 Rxa2 22. Rxc8+ Bxc8 23. Rc1 Be6 24. Kd3 Bd7 25. Bc3 Bb5#
{White checkmated}
0-1

[Event "ICCopen2017"]
[Site "Internet Chess Club"]
[Date "2017.03.19"]
[Round "6"]
[White "Kastor"]
[Black "manest"]
[Result "1/2-1/2"]
[ICCResult "Game drawn by repetition"]
[WhiteElo "2818"]
[BlackElo "2838"]
[Opening "French: Winawer, advance variation"]
[ECO "C16"]
[NIC "FR.09"]
[Time "20:13:40"]
[TimeControl "180+0"]

1. e4 e6 2. d4 d5 3. Nc3 Bb4 4. e5 b6 5. Bd2 Ne7 6. Nf3 Ba6 7. Bxa6 Nxa6 8.
Ne2 Bxd2+ 9. Qxd2 Qd7 10. Nf4 O-O-O 11. O-O-O Kb7 12. Kb1 Nb8 13. Nh5 Rhg8
14. Ng5 h6 15. Nf3 Nbc6 16. c3 Na5 17. b3 Rc8 18. h4 c5 19. Rc1 cxd4 20.
cxd4 Rxc1+ 21. Rxc1 Nac6 22. Kb2 Nf5 23. g4 Nfe7 24. Nf4 Ng6 25. Ng2 Rh8 26.
h5 Nge7 27. Nf4 Rg8 28. a3 g5 29. hxg6 fxg6 30. Ne2 Rf8 31. Qe3 g5 32. Ne1
Ng6 33. f3 Qf7 34. Qc3 Nb8 35. b4 Nf4 36. Nxf4 Qxf4 37. b5 Ka8 38. a4 Rh8
39. Rc2 h5 40. gxh5 Rxh5 41. Qb4 Rh2 42. Qc3 Rxc2+ 43. Kxc2 g4 44. fxg4 Qxg4
45. Nd3 Qe2+ 46. Kb3 Qd1+ 47. Qc2 Qa1 48. Qc3 Qd1+ 49. Ka3 Kb7 50. Nb4 Qb1
51. Nc6 Nxc6 52. Qxc6+ Kb8 53. Qd6+ Kb7 54. Qd7+ Kb8 55. Qd8+ Kb7 56. Qe7+
Kb8 57. Qd6+ Kb7 58. Qc6+ Kb8 59. Qc3 Kb7 60. Qc6+ {Game drawn by
repetition} 1/2-1/2

[Event "ICCopen2017"]
[Site "Internet Chess Club"]
[Date "2017.03.19"]
[Round "6"]
[White "playwaycool"]
[Black "elshan-defence"]
[Result "0-1"]
[ICCResult "White resigns"]
[WhiteElo "2252"]
[BlackElo "2707"]
[Opening "Trompowsky attack (Ruth, Opocenský opening)"]
[ECO "A45"]
[NIC "QP.07"]
[Time "20:13:12"]
[TimeControl "180+0"]

1. d4 Nf6 2. Bg5 e6 3. e4 c5 4. e5 h6 5. Bc1 Nh7 6. c3 d6 7. f4 dxe5 8. fxe5
Qh4+ 9. Ke2 Nc6 10. Nf3 Qe4+ 11. Kf2 Be7 12. h3 Ng5 13. Nbd2 Qf5 14. Kg1
cxd4 15. cxd4 O-O 16. Nxg5 Bxg5 17. Nf3 Bxc1 18. Rxc1 Rd8 19. Bb5 Nxd4 20.
Nxd4 Qxe5 21. Rc4 Qxb5 22. Nxb5 Rxd1+ 23. Kh2 Rxh1+ 24. Kxh1 Bd7 25. Nd6 Bc6
26. Rf4 f5 27. Nc4 Rd8 28. Ne5 Be4 29. Rf2 Rd5 30. Ng6 Kf7 31. Nf4 Rd1+ 32.
Kh2 e5 33. Nh5 g6 34. Ng3 Bd5 35. b3 Ke6 36. Rc2 Bc6 37. Ne2 f4 38. Nc3 Rd3
39. b4 a6 40. a4 e4 41. b5 axb5 42. axb5 Bd5 43. Nxd5 Kxd5 44. Rc7 e3 45.
Rxb7 e2 46. Rd7+ Kc4 47. Re7 Re3 48. Rc7+ Kxb5 {White resigns} 0-1

[Event "ICCopen2017"]
[Site "Internet Chess Club"]
[Date "2017.03.19"]
[Round "6"]
[White "RebelJohnny"]
[Black "INDIAN-ELEPHANT"]
[Result "0-1"]
[ICCResult "White resigns"]
[WhiteElo "1997"]
[BlackElo "2688"]
[Opening "Bird's opening"]
[ECO "A02"]
[NIC "VO.07"]
[Time "20:14:07"]
[TimeControl "180+0"]

1. f4 Nf6 2. Nf3 g6 3. e3 Bg7 4. b3 O-O 5. Bb2 d6 6. Be2 e5 7. O-O Nc6 8.
fxe5 Ng4 9. Nc3 Ngxe5 10. Nxe5 Nxe5 11. d4 Nc6 12. Bf3 Re8 13. Bd5 Be6 14.
Bxe6 fxe6 15. Qg4 d5 16. a3 e5 17. Qf3 exd4 18. Qxd5+ Kh8 19. Qxd8 Raxd8 20.
Nb5 dxe3 21. Bxg7+ Kxg7 22. Nxc7 Re7 23. Nb5 Rd2 24. Rac1 a6 25. Nc3 Nd4 26.
Rfd1 Rc7 27. Ne4 Ne2+ 28. Kh1 Nxc1 29. Nxd2 exd2 30. Rxd2 Nxb3 {White
resigns} 0-1

[Event "ICCopen2017"]
[Site "Internet Chess Club"]
[Date "2017.03.19"]
[Round "6"]
[White "Revolutions"]
[Black "jefferyx"]
[Result "0-1"]
[ICCResult "White checkmated"]
[WhiteElo "1835"]
[BlackElo "2668"]
[Opening "Grünfeld: Three knights variation"]
[ECO "D90"]
[NIC "GI.07"]
[Time "20:14:22"]
[TimeControl "180+0"]

1. d4 Nf6 2. c4 g6 3. Nc3 d5 4. Nf3 Bg7 5. g3 c6 6. Bg2 dxc4 7. O-O O-O 8.
Re1 b5 9. a3 Nbd7 10. e4 Nb6 11. Bf4 Bg4 12. Qd2 Nh5 13. Bh6 Bxf3 14. Bxg7
Nxg7 15. Bxf3 e5 16. d5 Ne6 17. Qh6 Qg5 18. Qh3 Nd4 19. Bg2 Nc2 20. Rac1
Nxe1 21. Rxe1 a6 22. dxc6 Rac8 23. Nd5 Rxc6 24. Ne3 Rd6 25. Ng4 h5 26. Ne3
Rd2 27. Rf1 Rxb2 28. Bf3 c3 29. Rc1 c2 30. Kg2 Nc4 31. Nd5 Qxc1 32. Bxh5 Qh6
33. Ne7+ Kg7 34. Qg4 Ne3+ 35. fxe3 c1=Q+ 36. Kf3 Qh1# {White checkmated} 0-1

[Event "ICCopen2017"]
[Site "Internet Chess Club"]
[Date "2017.03.19"]
[Round "6"]
[White "thxgg"]
[Black "x22"]
[Result "0-1"]
[ICCResult "White resigns"]
[WhiteElo "1897"]
[BlackElo "2341"]
[Opening "Queen's pawn: Charlick (Englund) gambit"]
[ECO "A40"]
[NIC "QO.17"]
[Time "20:13:15"]
[TimeControl "180+0"]

1. d4 e5 2. dxe5 Nc6 3. f4 f6 4. Nf3 fxe5 5. f5 Nf6 6. Bg5 d5 7. e3 Bxf5 8.
Nc3 Bb4 9. Bxf6 Qxf6 10. Qxd5 Rd8 11. Qb5 Bxc3+ 12. bxc3 Bxc2 13. Qxb7 Be4
14. Bb5 O-O 15. O-O Qh6 16. Bxc6 Bxc6 17. Qxc7 Qxe3+ 18. Kh1 Rc8 19. Qe7
Rce8 20. Qc7 Rf6 21. Nh4 Qb6 22. Qxb6 axb6 23. Rxf6 gxf6 24. Kg1 Rd8 25. Rb1
b5 26. Rf1 Kf7 27. g4 Ke6 28. Nf3 Rg8 29. h3 h5 30. g5 Bxf3 31. Rxf3 Rxg5+
{White resigns}
0-1

[Event "ICCopen2017"]
[Site "Internet Chess Club"]
[Date "2017.03.19"]
[Round "6"]
[White "flashlight"]
[Black "GoogleGirl"]
[Result "0-1"]
[ICCResult "White disconnected and forfeits"]
[WhiteElo "2097"]
[BlackElo "1862"]
[Opening "Trompowsky attack (Ruth, Opocenský opening)"]
[ECO "A45"]
[NIC "QP.07"]
[Time "20:13:48"]
[TimeControl "180+0"]

1. d4 Nf6 2. Bg5 d5 3. e3 c5 4. c3 e6 5. Nd2 Be7 6. Ngf3 O-O 7. Bd3 Nc6 8.
O-O h6 9. Bh4 b6 10. Qe2 Bb7 11. a3 Rc8 12. b4 cxd4 13. cxd4 Ne8 14. Bg3 Bd6
15. Ne5 Nxe5 16. dxe5 Be7 17. Nf3 Nc7 18. Nd4 Qd7 19. Bf4 f6 20. Qh5 f5 21.
g4 Qe8 22. Qxe8 Rcxe8 23. gxf5 exf5 24. Nxf5 Ne6 25. Bg3 Ng5 26. f4 Ne4 27.
Nxe7+ Rxe7 28. Rac1 Rd8 29. Rfd1 Red7 30. Bb5 Re7 31. Rd4 a6
{White disconnected and forfeits}
0-1

[Event "ICCopen2017"]
[Site "Internet Chess Club"]
[Date "2017.03.19"]
[Round "6"]
[White "Mysterious17"]
[Black "Pachec"]
[Result "1-0"]
[ICCResult "Black resigns"]
[WhiteElo "1680"]
[BlackElo "1407"]
[Opening "French: Winawer (Nimzovich) variation"]
[ECO "C15"]
[NIC "FR.08"]
[Time "20:14:05"]
[TimeControl "180+0"]

1. e4 e6 2. d4 d5 3. Nc3 Bb4 4. Qd3 a6 5. a3 Bxc3+ 6. bxc3 Nf6 7. e5 Nfd7 8.
Qg3 Kf8 9. Bg5 Qe8 10. Nf3 c5 11. Be2 Nc6 12. O-O cxd4 13. cxd4 Nb6 14. Bf6
gxf6 15. exf6 Rg8 16. Qd6+ Ne7 17. Qxb6 Nf5 18. Qc5+ Ne7 19. fxe7+ Qxe7 20.
Qxe7+ Kxe7 21. Ne5 f6 22. Ng4 h5 23. Ne3 Bd7 24. Bxh5 Rh8 25. Bf3 Bb5 26.
Rfc1 Rag8 27. c4 dxc4 28. Nxc4 Bc6 29. Bxc6 bxc6 30. Na5 Rg4 31. Nxc6+ Kf7
32. a4 Rhg8 33. g3 f5 34. h3 R4g6 35. Ne5+ Kf6 36. Nxg6 Rxg6 37. Rc6 f4 38.
Re1 Kf5 39. g4+ {Black resigns} 1-0

[Event "ICCopen2017"]
[Site "Internet Chess Club"]
[Date "2017.03.19"]
[Round "6"]
[White "DaveyJones"]
[Black "sec7"]
[Result "1-0"]
[ICCResult "Black checkmated"]
[WhiteElo "1504"]
[BlackElo "1301"]
[Opening "Nimzovich-Larsen attack: classical variation"]
[ECO "A01"]
[NIC "VO.08"]
[Time "20:13:39"]
[TimeControl "180+0"]

1. b3 d5 2. e3 Bf5 3. Bb2 Nf6 4. Nf3 Nc6 5. Bb5 Qd6 6. Ne5 a6 7. Bxc6+ bxc6
8. f4 Bg4 9. Nxg4 Nxg4 10. Qxg4 Qg6 11. Qxg6 hxg6 12. d3 f6 13. O-O e6 14.
Nd2 Bd6 15. e4 Ke7 16. e5 Bc5+ 17. d4 Bb6 18. exf6+ gxf6 19. Kh1 Rh4 20. g3
Rh5 21. Ba3+ Kf7 22. c3 Rah8 23. h4 g5 24. fxg5 f5 25. Nf3 Kg6 26. Rae1 Kf7
27. Ne5+ Kg7 28. Nxc6 Rxg5 29. Kg2 Rxh4 30. Rxe6 Rhg4 31. Rf3 f4 32. Re7+
Kf6 33. Ne5 Rxg3+ 34. Rxg3 Rxg3+ 35. Kf2 Kf5 36. Rf7+ Ke4 37. Bc1 Rxc3 38.
Rxf4# {Black checkmated} 1-0

[Event "ICCopen2017"]
[Site "Internet Chess Club"]
[Date "2017.03.19"]
[Round "6"]
[White "NEO2017"]
[Black "manneredmonkey"]
[Result "0-1"]
[ICCResult "White checkmated"]
[WhiteElo "1668"]
[BlackElo "1712"]
[Opening "Trompowsky attack (Ruth, Opocenský opening)"]
[ECO "A45"]
[NIC "QP.07"]
[Time "20:13:11"]
[TimeControl "180+0"]

1. d4 Nf6 2. Bg5 Ne4 3. Bf4 c5 4. f3 Nf6 5. d5 e6 6. c4 exd5 7. cxd5 d6 8.
Nc3 Be7 9. e4 O-O 10. g4 Na6 11. Nh3 Nc7 12. Nf2 Nd7 13. Be2 a6 14. a4 Rb8
15. a5 b5 16. axb6 Rxb6 17. Qc2 Nb5 18. O-O Nd4 19. Qd1 Bf6 20. Nh3 h6 21.
Ra2 Ne5 22. Qd2 Qe7 23. Kg2 Nxe2 24. Qxe2 c4 25. Be3 Rb3 26. Nf2 Qb7 27. f4
Nd3 28. Nxd3 cxd3 29. Qxd3 Bxg4 30. Qd2 Qd7 31. Rfa1 Bh3+ 32. Kh1 Qg4 33.
Qe2 Qxe2 34. Nxe2 Rxe3 35. Ng3 Bh4 36. Rxa6 Bxg3 37. hxg3 Rxe4 38. Kh2 Bg4
39. Rxd6 Re2+ 40. Kg1 Rxb2 41. Ra7 Re8 42. Ra1 Ree2 43. Rd8+ Kh7 44. d6 Rg2+
45. Kf1 Rbf2+ 46. Ke1 Rb2 47. Kf1 Bh3 48. Rd1 Rxg3+ 49. Ke1 Rg1#
{White checkmated}
0-1

[Event "ICCopen2017"]
[Site "Internet Chess Club"]
[Date "2017.03.19"]
[Round "6"]
[White "EngHany"]
[Black "Palse"]
[Result "0-1"]
[ICCResult "White forfeits on time"]
[WhiteElo "1841"]
[BlackElo "2188"]
[Opening "Queen's Indian: Yates variation"]
[ECO "E11"]
[NIC "QI.01"]
[Time "20:13:21"]
[TimeControl "180+0"]

1. d4 Nf6 2. c4 e6 3. Nf3 Bb4+ 4. Bd2 a5 5. g3 b6 6. Bg2 Bb7 7. O-O O-O 8.
Bg5 Be7 9. Nc3 d5 10. Ne5 c6 11. e4 h6 12. Bxf6 Bxf6 13. exd5 cxd5 14. Re1
Ra7 15. Nb5 Ra6 16. Rc1 Ba8 17. c5 bxc5 18. dxc5 Nc6 19. Nd3 a4 20. a3 Ra5
21. Nd6 Nd4 22. Nb4 Nb3 23. Rc2 Rxc5 24. Rxc5 Nxc5 25. Nb5 Qb6 26. Nc3 Bc6
27. Bf1 Rb8 28. Qc2 Bd7 29. Ne2 Ne4 30. Nd3 Rc8 31. Qd1 Bb5 32. Nef4 Bd4 33.
Qf3 Rc2 34. Rc1 Rxc1 35. Nxc1 Bxf2+ 36. Kg2 Bxf1+ 37. Kxf1 Qxb2 38. Ncd3
Nd2+ 39. Kg2 Nxf3 40. Nxb2 Bd4 41. Nxa4 Ne5 42. Ne2 Ba7 43. Nb2 Nc4 44. a4
Nxb2 45. Nc3 Nxa4 46. Nxa4 d4 47. Nb2 e5 {White forfeits on time} 0-1

[Event "ICCopen2017"]
[Site "Internet Chess Club"]
[Date "2017.03.19"]
[Round "6"]
[White "BoldPlan"]
[Black "FiveCardDraw"]
[Result "1-0"]
[ICCResult "Black resigns"]
[WhiteElo "1819"]
[BlackElo "1507"]
[Opening "French: King's Indian attack"]
[ECO "C00"]
[NIC "FR.02"]
[Time "20:13:54"]
[TimeControl "180+0"]

1. e4 e6 2. d3 c5 3. Nd2 Nc6 4. Ngf3 Nge7 5. g3 g6 6. Bg2 Bg7 7. O-O Rb8 8.
Re1 b5 9. Nf1 b4 10. h4 h6 11. N1h2 a5 12. e5 Bb7 13. h5 g5 14. Ng4 d6 15.
c3 bxc3 16. bxc3 dxe5 17. Nfxe5 Nxe5 18. Nxe5 Bxg2 19. Kxg2 Qc7 20. Qe2 Bxe5
21. Qxe5 Qxe5 22. Rxe5 Rc8 23. Ba3 Nd5 24. c4 Nb4 25. Bxb4 axb4 26. a3 b3
27. Rb1 Rb8 28. Rxc5 Ke7 29. Rb5 Rxb5 30. cxb5 b2 31. Rxb2 Rd8 32. Rb3 Rd5
33. a4 Kd6 34. Rc3 Rd4 35. Rc4 Rxd3 36. a5 Ra3 37. a6 Ra5 38. Rc6+ Kd5 39.
Rb6 Kc5 40. Rb7 f5 41. a7 f4 42. b6 Kc6 43. Rb8 fxg3 44. Kxg3 Ra3+ 45. Kg2
Ra4 46. a8=Q+ Rxa8 47. Rxa8 Kxb6 48. Re8 Kc6 49. Rxe6+ {Black resigns} 1-0

[Event "ICCopen2017"]
[Site "Internet Chess Club"]
[Date "2017.03.19"]
[Round "6"]
[White "knightspirit"]
[Black "lustigbridge"]
[Result "0-1"]
[ICCResult "White forfeits on time"]
[WhiteElo "1275"]
[BlackElo "1772"]
[Opening "Ponziani: Jaenisch counter-attack"]
[ECO "C44"]
[NIC "KP.05"]
[Time "20:13:51"]
[TimeControl "180+0"]

1. e4 e5 2. Nf3 Nc6 3. c3 Nf6 4. d3 d5 5. exd5 Qxd5 6. Be2 Bg4 7. Bg5 O-O-O
8. Nbd2 Bc5 9. O-O Bb6 10. Ne4 Qe6 11. Bh4 h6 12. h3 Bh5 13. Qa4 g5 14. Bg3
Bg6 15. Nfd2 Nd5 16. c4 Nf4 17. Bg4 f5 18. c5 Ba5 19. Bf3 Bxd2 20. Nxd2 e4
21. Rfe1 Rxd3 22. b4 Rxd2 23. b5 Rd4 24. Qa3 Rd3 25. Qa4 Nd4 26. Qxa7 Nxf3+
27. gxf3 Rxf3 28. Qa8+ Kd7 29. Qxh8 Nd5 30. Qg7+ Bf7 31. Red1 f4 32. c6+
bxc6 33. bxc6+ Kxc6 34. Rac1+ Kb7 35. Rb1+ Nb6 36. Qf8 fxg3
{White forfeits on time}
0-1

[Event "ICCopen2017"]
[Site "Internet Chess Club"]
[Date "2017.03.19"]
[Round "6"]
[White "leole51"]
[Black "FGM21"]
[Result "0-1"]
[ICCResult "White checkmated"]
[WhiteElo "1621"]
[BlackElo "1886"]
[Opening "Ruy Lopez: Anderssen variation"]
[ECO "C77"]
[NIC "RL.12"]
[Time "20:13:15"]
[TimeControl "180+0"]

1. e4 e5 2. Nf3 Nc6 3. Bb5 a6 4. Ba4 Nf6 5. d3 b5 6. Bb3 Bc5 7. O-O d6 8.
Nc3 Na5 9. Bg5 c6 10. d4 Nxb3 11. axb3 exd4 12. Nxd4 Bd7 13. Nf5 Bxf5 14.
exf5 h6 15. Re1+ Kf8 16. Bxf6 Qxf6 17. Ne4 Qxf5 18. Nxc5 Qxc5 19. Qe2 d5 20.
Rxa6 Rd8 21. b4 Qxb4 22. Rxc6 Kg8 23. c3 Qf8 24. Qd3 Re8 25. Rxe8 Qxe8 26.
Rc5 Qe1+ 27. Qf1 Qd2 28. Rxb5 Kh7 29. Qb1+ g6 30. h4 Re8 31. Kh2 Re1 32. Qa2
Qf4+ 33. Kh3 Rh1# {White checkmated} 0-1

[Event "ICCopen2017"]
[Site "Internet Chess Club"]
[Date "2017.03.19"]
[Round "6"]
[White "watchout"]
[Black "Cramagica"]
[Result "1-0"]
[ICCResult "Black forfeits on time"]
[WhiteElo "1402"]
[BlackElo "1140"]
[Opening "two knights: Max Lange attack"]
[ECO "C55"]
[NIC "KP.02"]
[Time "20:13:40"]
[TimeControl "180+0"]

1. e4 e5 2. Nf3 Nc6 3. d4 exd4 4. Bc4 Nf6 5. O-O Bc5 6. e5 Ne4 7. Re1 Nxf2
8. Kxf2 d3+ 9. Be3 Bxe3+ 10. Rxe3 dxc2 11. Qxc2 O-O 12. Nc3 Re8 13. Rae1 Qe7
14. h3 Qc5 15. Bd3 b6 16. Qe2 Bb7 17. a3 Nd4 18. Nxd4 Qxd4 19. Nb5 Qc5 20.
Qc2 Re6 21. Qxc5 bxc5 22. Nxc7 Rae8 23. Nxe6 dxe6 24. Kg1 Rd8 25. Rc1 Rd5
26. Be4 Rd7 27. Bxb7 Rxb7 28. Rxc5 {Black forfeits on time} 1-0